 Dungeon Crawl Stone Soup version 0.28.0-53-g5a82cb258f (webtiles) character file.

Game seed: 3572385342959883229

4410 quixfox the Cleaver (level 10, -3/91 HPs)
             Began as a Hill Orc Fighter on July 9, 2022.
             Was a Follower of the Shining One.
             Killed from afar by an efreet (11 damage)
             ... with a fireball
             ... on level 9 of the Dungeon.
             The game lasted 00:18:51 (7620 turns).

quixfox the Cleaver (Hill Orc Fighter)              Turns: 7620, Time: 00:18:52

Health: -3/91      AC: 19    Str: 24    XL:     10   Next: 36%
Magic:  10/10      EV:  5    Int:  8    God:    the Shining One [*.....]
Gold:   345        SH: 13    Dex: 10    Spells: 9/9 levels left

rFire   . . .      SeeInvis .   a - +1 war axe (spect)
rCold   . . .      Faith    .   q - +0 kite shield
rNeg    . . .      Spirit   .   s - +0 plate armour
rPois   +          Reflect  +   v - +0 helmet
rElec   .          Harm     .   C - +1 cloak {rPois}
rCorr   .          Rampage  .   n - +0 pair of gloves
Will    .....                   (no boots)
Stlth   ..........              u - amulet of reflection
HPRegen 0.25/turn               y - ring of poison resistance
MPRegen 0.12/turn               (no ring)

@: glowing
A: no striking features
a: Renounce Religion, Divine Shield


You were on level 9 of the Dungeon.
You worshipped the Shining One.
The Shining One was aware of your devotion.
You visited 2 branches of the dungeon, and saw 10 of its levels.

You collected 345 gold pieces.

Inventory:

Hand Weapons
 a - a +1 spectral war axe (weapon)
 h - a +5 executioner's axe of protection
 t - the +9 flail "Azomeimy" {drain, Int+9}
   (You found it on level 6 of the Dungeon)

   A truly terrible weapon, it drains the life of any living foe it strikes.
   Int:       It affects your intelligence (+9).
   The Shining One disapproves of the use of such an item.
Missiles
 m - 2 boomerangs (quivered)
 x - 4 javelins
Armour
 n - a +0 pair of gloves (worn)
 q - a +0 kite shield (worn)
 s - a +0 plate armour (worn)
 v - a +0 helmet (worn)
 C - a +1 cloak of poison resistance (worn)
Jewellery
 l - a ring of flight
 u - an amulet of reflection (around neck)
 y - a ring of poison resistance (left hand)
 E - a ring of fire
Wands
 b - a wand of acid (8)
 w - a wand of iceblast (9)
 B - a wand of flame (21)
Scrolls
 d - 2 scrolls of enchant weapon
 i - a scroll of fog
 o - a scroll of magic mapping
 r - 2 scrolls of fear
Potions
 c - 2 potions of cancellation {unknown}
 e - 2 potions of haste
 f - 3 potions of brilliance
 g - 3 potions of heal wounds
 j - a potion of resistance
 k - 2 potions of curing
 p - 2 potions of flight
 z - a potion of might
 A - 2 potions of mutation
 D - a potion of invisibility {unknown}


   Skills:
 + Level 9.3 Fighting
 * Level 13.3 Axes
 + Level 8.5 Armour
 - Level 5.3 Shields


You had 9 spell levels left.
You didn't know any spells.
Your spell library contained the following spells:

 Spells                   Type           Power      Damage    Failure   Level
 Foxfire                  Conj/Fire      0%         2x1d4     100%        1
 Static Discharge         Conj/Air       0%         N/A       100%        2
 Conjure Flame            Conj/Fire      0%         6-21      100%        3
 Ignite Poison            Fire/Tmut/Pois 0%         N/A       100%        3
 Inner Flame              Hex/Fire       0%         N/A       100%        3
 Flame Wave               Conj/Fire      0%         2d4       100%        4
 Sticky Flame             Conj/Fire      0%         2d3       100%        4
 Lightning Bolt           Conj/Air       0%         1d11      100%        5
 Maxwell's Capacitive Co  Air            0%         ∞         100%        8


Dungeon Overview and Level Annotations

Branches:
Dungeon (9/15)             Temple (1/1) D:5
   Lair: D:8-11         Orc: D:9-12

Altars:
Ashenzari
Cheibriados
Dithmenos
Elyvilon
Fedhas
Gozag
Hepliaklqana
Kikubaaqudgha
Makhleb
Nemelex Xobeh
Okawaru
Qazlal
Ru
Sif Muna
Trog
Uskayaw
Vehumet
Wu Jian
Xom
Yredelemnul
Zin
The Shining One

Shops:
D:9 [


Message History

a +0 falchion; a +0 ring mail; an orc corpse
Found 13 gold pieces.
The efreet hits you with a +2 scimitar of flaming!
The efreet burns you.
You slash the efreet!
The efreet is moderately wounded.
You hit the orc.
Your +1 spectral war axe hits the orc.
You kill the orc!
The efreet hits you with a +2 scimitar of flaming!!
The efreet burns you!
* * * LOW HITPOINT WARNING * * *
You slash the efreet!
The efreet is heavily wounded.
Your +1 spectral war axe hits the efreet!
The efreet gestures at your +1 spectral war axe.
The bolt of fire hits your +1 spectral war axe!
Your +1 spectral war axe resists.
Your spectral weapon shares its damage with you!
The bolt of fire hits your +1 spectral war axe!
Your +1 spectral war axe resists.
Your spectral weapon shares its damage with you!
The bolt of fire hits the efreet.
The efreet completely resists.
* * * LOW HITPOINT WARNING * * *
The efreet gestures at your +1 spectral war axe.
The fireball explodes!
The fireball engulfs your +1 spectral war axe!
Your +1 spectral war axe resists.
Your spectral weapon shares its damage with you!
Your +1 spectral war axe fades away.
The fireball engulfs the efreet.
The efreet completely resists.
The fireball engulfs you!! The Shining One protects you from harm!
* * * LOW HITPOINT WARNING * * *
You hear a shout! x2
You hit the efreet but do no damage.
The efreet is almost dead.
Your +1 spectral war axe hits the efreet but does no damage.
The efreet gestures at you.
The fireball explodes!
The fireball engulfs you!
You die...

........$## .#
...........# ...
........... #...
...(.......#.#..
..........#...#.
.........#..∩..#
.......R(.#...#
.......)@..#.#
......))§...#
..#####)...##
######### #....#
#.......#####....#
#................#
#................#
#######..........#
#..........#


You could see an efreet and a friendly +1 spectral war axe (summoned).

Vanquished Creatures
  A troll (D:6)
  Grinder (D:6)
  A slime creature (D:6)
  Sigmund (D:4)
  A wyvern (D:8)
  3 water moccasins
  An ice beast (D:6)
  3 orc warriors
  A black bear (D:5)
  A sky beast (D:7)
  2 ogres
  A necrophage (D:5)
  2 centaurs
  2 bullfrogs
  A scorpion (D:5)
  A gnoll sergeant (D:5)
  A water moccasin zombie (D:5)
  5 killer bees (D:7)
  6 jellies (D:6)
  5 wights (D:8)
  A howler monkey (D:4)
  A bullfrog zombie (D:4)
  3 hounds
  Crazy Yiuf (D:6)
  5 orc priests
  2 centaur skeletons (D:5)
  2 gnoll shamans
  2 bullfrog skeletons (D:5)
  Ijyb (D:4)
  4 iguanas
  11 orc wizards
  A hound zombie (D:5)
  A howler monkey zombie (D:6)
  3 howler monkey skeletons
  9 adders
  10 gnolls
  2 shadow imps
  A white imp (D:7)
  11 dart slugs
  32 orcs
  22 endoplasms
  3 giant cockroaches
  6 goblins
  7 hobgoblins
  3 jackals (D:1)
  5 quokkas
  7 ball pythons
  2 bats
  5 frilled lizards
  7 kobolds
  8 rats
218 creatures vanquished.

Vanquished Creatures (others)
  7 fungi (D:6)
7 creatures vanquished.

Grand Total: 225 creatures vanquished

Notes
Turn   | Place    | Note
-------+----------+-------------------------------------------
     0 | D:1      | quixfox the Hill Orc Fighter began the quest for the Orb.
     0 | D:1      | Reached XP level 1. HP: 19/19 MP: 1/1
   246 | D:1      | Reached skill level 3 in Axes
   248 | D:1      | Reached XP level 2. HP: 27/27 MP: 2/2
   639 | D:1      | Found a faded altar of an unknown god.
   650 | D:1      | Reached XP level 3. HP: 27/33 MP: 3/3
   859 | D:1      | Reached skill level 4 in Axes
  1418 | D:2      | Reached XP level 4. HP: 32/40 MP: 4/4
  2131 | D:3      | Reached skill level 5 in Axes
  2131 | D:3      | Reached XP level 5. HP: 45/47 MP: 5/5
  2417 | D:3      | You fall into a shaft and drop 2 floors!
  2417 | D:5      | Entered Level 5 of the Dungeon
  2664 | D:5      | Reached skill level 5 in Fighting
  2664 | D:5      | Reached XP level 6. HP: 56/56 MP: 6/6
  2675 | D:5      | Reached skill level 6 in Axes
  2814 | D:5      | Found a staircase to the Ecumenical Temple.
  2832 | Temple   | Entered the Ecumenical Temple
  2902 | D:4      | Noticed Sigmund
  2902 | D:4      | Found an iron altar of Okawaru.
  3431 | D:4      | Noticed Ijyb
  3449 | D:4      | Killed Ijyb
  3450 | D:4      | Reached skill level 5 in Armour
  3536 | D:4      | Killed Sigmund
  3537 | D:4      | Reached skill level 7 in Axes
  3537 | D:4      | Reached XP level 7. HP: 43/62 MP: 7/7
  3887 | D:4      | Found a blossoming altar of Fedhas.
  3887 | D:4      | Found a hide-covered altar of Uskayaw.
  3895 | D:4      | Found a faded altar of an unknown god.
  3897 | D:4      | Found a sacrificial altar of Ru.
  3899 | D:4      | Found a faded altar of an unknown god.
  4039 | D:5      | Found a bloodstained altar of Trog.
  4146 | D:5      | Reached skill level 8 in Axes
  4169 | D:5      | Reached XP level 8. HP: 71/71 MP: 8/8
  4369 | D:5      | Reached skill level 9 in Axes
  4820 | D:5      | Reached skill level 10 in Axes
  4900 | D:6      | Noticed a troll
  4905 | D:6      | Killed a troll
  4906 | D:6      | Reached XP level 9. HP: 77/79 MP: 9/9
  4941 | D:6      | Found a glowing golden altar of the Shining One.
  4976 | D:6      | Identified the +9 flail "Azomeimy" {drain, Int+9}
  5109 | D:6      | Found a hazy altar of Hepliaklqana.
  5125 | D:6      | Noticed Grinder
  5135 | D:6      | Paralysed by Grinder for 6 turns
  5142 | D:6      | Killed Grinder
  5143 | D:6      | Reached skill level 11 in Axes
  5231 | D:6      | Reached skill level 5 in Shields
  5541 | D:6      | Found a runed translucent door.
  5542 | D:6      | Noticed Crazy Yiuf
  5610 | D:6      | Found a glowing silver altar of Zin.
  5691 | D:6      | Found a broken altar of Ashenzari.
  5790 | D:6      | Killed Crazy Yiuf
  5958 | D:7      | Identified a scroll of acquirement
  5958 | D:7      | Acquired a +5 vorpal executioner's axe
  6062 | D:7      | Reached skill level 12 in Axes
  6138 | D:7      | Reached XP level 10. HP: 78/90 MP: 10/10
  6488 | D:6      | Became a worshipper of the Shining One
  6822 | D:8      | Reached skill level 13 in Axes
  7321 | D:8      | Reached * piety under the Shining One
  7609 | D:9      | Found Seuhar's Antique Armour Emporium.
  7619 | D:9      | The Shining One protects you from harm!
  7620 | D:9      | Killed from afar by an efreet

Illustrated notes

Levels and vault maps discovered:
D:1:      kilobyte_arrival_exit_the_forest, layout_basic,
          basic_ecumenical_altar, serial_park_tiny_pond, roderic_roman_lattice
D:2:      layout_rooms, nicolae_underground_beach
D:3:      kennysheep_slugbush, layout_basic
D:4:      layout_rooms, chequers_temple_overflow_minitemple, okawaru_trees_1,
          uniq_ijyb, uniq_sigmund
D:5:      minmay_opposing_rooms, layout_loops_ring, trog_antimagical,
          minmay_temple_entry_stoned_glass
D:6:      lemuel_slime, layout_gridville, kennysheep_mini, lemuel_crystal_altar,
          kennysheep_mini_moat, zin_statuary, uniq_crazy_yiuf_cottage,
          uniq_grinder
D:7:      layout_basic, serial_curves, eino_curves_02, eino_curves_03,
          minmay_crossroads
D:8:      layout_gridville
D:9:      cheibrodos_fzero, layout_basic, serial_shops, nicolae_diamond_shop,
          uniq_maggie, uniq_pikel
Temple:   cyrus_circular_temple

Skill      XL: |  1  2  3  4  5  6  7  8  9 10 |
---------------+-------------------------------+-----
Axes           | 3 4 5 7 8 10 12 13 | 13.3
Fighting       | 4 5 6 7 8 9 |  9.3
Armour         | 4 5 6 8 |  8.5
Shields        | 4 5 |  5.3

Action                   |  1- 3 |  4- 6 |  7- 9 | 10-12 || total
-------------------------+-------+-------+-------+-------++-------
Melee: War axe           |   115 |   149 |   199 |    63 ||   526
  Use: Scroll            |       |    11 |    11 |     1 ||    23
       Potion            |       |     1 |       |       ||     1
 Stab: Distracted        |       |       |     1 |       ||     1
Armor: Scale mail        |    53 |    21 |       |       ||    74
       Plate armour      |       |    55 |    79 |    16 ||   150
Dodge: Dodged            |    41 |    30 |    29 |     2 ||   102
Block: Buckler           |    27 |    50 |    52 |       ||   129
       Reflection        |       |     1 |     1 |     3 ||     5
       Kite shield       |       |       |    44 |    21 ||    65
